 Dungeon Crawl Stone Soup version 0.23-a0-814-g91b4073 (console) character file.

157 Duffy the Chopper (level 5, -1/49 HPs)
             Began as a Naga Fighter on Jan 21, 2019.
             Slain by a hound (5 damage)
             ... on level 4 of the Dungeon.
             The game lasted 00:01:18 (708 turns).

Duffy the Chopper (Naga Fighter)                     Turns: 708, Time: 00:01:19

Health: -1/49      AC:  6    Str: 18    XL:     5   Next: 38%
Magic:  5/5        EV:  5    Int: 10    God:
Gold:   48         SH:  9    Dex: 10    Spells: 4/4 levels left

rFire    . . .     SeeInvis +   a - +0 war axe
rCold    . . .     Gourm    .   c - +0 shield
rNeg     . . .     Faith    .   b - +0 scale mail
rPois    +         Spirit   .   (no helmet)
rElec    .         Reflect  .   (no cloak)
rCorr    .         Harm     .   i - +0 pair of gloves
MR       .....                  (no barding)
Stlth    ..........             h - amulet of regeneration
HPRegen  0.56/turn              (no ring)
MPRegen  0.09/turn              (no ring)

@: short of breath, very slow
A: large, see invisible, deformed body, poison resistance, slowness 2, slow
metabolism 1, spit poison 1, AC +1
a: Spit Poison


You were on level 4 of the Dungeon.
You were not hungry.

You visited 1 branch of the dungeon, and saw 4 of its levels.

You collected 48 gold pieces.

Inventory:

Hand Weapons
 a - a +0 war axe (weapon)
Armour
 b - a +0 scale mail (worn)
 c - a +0 shield (worn)
 i - a +0 pair of gloves (worn)
Jewellery
 h - an amulet of regeneration (around neck)
Scrolls
 e - 2 scrolls of identify {unknown}
 l - a scroll of remove curse {unknown}
Potions
 d - a potion of might
 g - a potion of flight {unknown}
 j - a potion of heal wounds {unknown}
 m - a potion of ambrosia {unknown}
Comestibles
 f - 3 rations
 k - 2 chunks of flesh


   Skills:
 - Level 3.0 Fighting
 + Level 4.0 Axes
 - Level 2.4 Armour
 + Level 3.8 Shields


You had 4 spell levels left.
You didn't know any spells.
Your spell library was empty.

Dungeon Overview and Level Annotations

Branches:
Dungeon (4/15)
 Temple: D:4-7

Altars:


Innate Abilities, Weirdness & Mutations

You cannot wear boots.
Your serpentine skin is tough. (AC +1)
You have supernaturally acute eyesight. (SInv)
Armour fits poorly on your strangely shaped body.
Your system is resistant to poisons. (rPois)
You cover ground very slowly.
You have a slow metabolism.
You can spit poison.


Message History

You closely miss the hound. The hound bites you. You block the hound's attack.
Okay, then.
Unknown command.
You barely miss the hound. The hound bites you but does no damage.
The hound bites you.
Okay, then.
Adjust (i)tems, (s)pells, or (a)bilities?
Adjust which ability? f - Spit Poison Adjust to which letter? h - Spit Poison
Press: ? - help, Shift-Dir - straight line, f - hound
Aim: a hound The splash of poison hits the hound.
The hound is poisoned.
The hound is lightly wounded.
You feel slightly more hungry. The hound bites you.
You closely miss the hound.
The hound is lightly wounded.
The hound bites you but does no damage. The hound bites you.
You die...

#..#.# #..#.# ###
#..#.# .. #..#.# .#
#..#.##.# # .#
..#####.......#.#..#
....................
######.##......##.
#...@h.....#.#
#.#.#####.## # #.#.#
... # #.. ..#.# #..
... .. #.. .... .
.... ..... ##


You could see a hound.

Vanquished Creatures
  A phantom (D:4)
  A centaur skeleton (D:4)
  A gnoll (D:1)
  An adder (D:2)
  2 leopard geckos
  2 ball pythons (D:2)
  5 bats
  3 goblins
  2 hobgoblins (D:1)
  2 jackals (D:4)
  2 kobolds
  2 rats (D:2)
24 creatures vanquished.

Notes
Turn   | Place    | Note
-------+----------+-------------------------------------------
     0 | D:1      | Duffy the Naga Fighter began the quest for the Orb.
     0 | D:1      | Reached XP level 1. HP: 21/21 MP: 1/1
    88 | D:1      | Reached XP level 2. HP: 20/28 MP: 2/2
   343 | D:2      | Reached XP level 3. HP: 34/34 MP: 3/3
   539 | D:2      | Reached skill level 3 in Axes
   646 | D:4      | Noticed a phantom
   655 | D:4      | Reached XP level 4. HP: 30/42 MP: 4/4
   699 | D:4      | HP: 2/42 [phantom (2)]
   704 | D:4      | Killed a phantom
   704 | D:4      | Reached skill level 4 in Axes
   704 | D:4      | Reached XP level 5. HP: 6/49 MP: 5/5
   708 | D:4      | Slain by a hound

Vault maps used:
D:1:      dpeg_cavernosity, chequers_serial_rivers_micro_a, minmay_tromino_v7
D:4:      minmay_temple_entry_gardened_gates, uniq_blork_the_orc, uniq_menkaure

Skill      XL: |  1  2  3  4 |
---------------+-------------+-----
Shields        | 3 |  3.8
Axes           | 3 4 |  4.0
Fighting       | |  3.0
Armour         | |  2.4

Action                   |  1- 3 |  4- 6 || total
-------------------------+-------+-------++-------
Melee: War axe           |    88 |    34 ||   122
 Abil: Spit Poison       |       |     1 ||     1
Armor: Scale mail        |    46 |    11 ||    57
Dodge: Dodged            |    31 |     8 ||    39
Block: Shield            |    63 |    10 ||    73

Table legend:
 A = Non-vault XP
 B = Vault XP
 C = Vault XP percentage of total XP
 D = Non-vault monster count
 E = Vault monster count
 F = Vault count percentage of total count
                 A         B        C        D         E       F
            +---------+---------+-------+---------+---------+-------
      Total |     225 |       0 |   0.0 |      24 |       0 |   0.0
            +---------+---------+-------+---------+---------+-------
        D:1 |      26 |       0 |   0.0 |       6 |       0 |   0.0
        D:2 |      32 |       0 |   0.0 |      12 |       0 |   0.0
        D:3 |       2 |       0 |   0.0 |       2 |       0 |   0.0
        D:4 |     165 |       0 |   0.0 |       4 |       0 |   0.0
            +---------+---------+-------+---------+---------+-------
